 Dungeon Crawl Stone Soup version 0.28.0-43-g3370ac3207 (webtiles) character file.

Game seed: 659123849678241969

36733 Cykl0x the Destroyer (level 13, -7/79 HPs)
             Began as a Gargoyle Earth Elementalist on Mar 18, 2022.
             Was an Elder of Vehumet.
             Mangled by a boulder beetle (15 damage)
             ... on level 14 of the Dungeon on Mar 19, 2022.
             The game lasted 00:35:30 (19280 turns).

Cykl0x the Destroyer (Gargoyle Earth Elementalist) Turns: 19280, Time: 00:35:30

Health: -7/79      AC: 20    Str: 12    XL:     13   Next: 92%
Magic:  3/36       EV: 15    Int: 21    God:    Vehumet [****..]
Gold:   1412       SH:  3    Dex: 10    Spells: 21/33 levels left

rFire   . . .      SeeInvis +   A - +8 mace of the Sage {vorpal, rPois MP+9 Stlth+}
rCold   . . .      Faith    .   S - +0 buckler
rNeg    + . .      Spirit   .   D - +0 acid dragon scales
rPois   ∞          Reflect  .   M - +0 helmet
rElec   +          Harm     .   J - scarf {shadows}
rCorr   +          Rampage  .   i - +0 pair of gloves
Will    .....                   (no boots)
Stlth   ++........              p - amulet of the acrobat
HPRegen 0.23/turn               q - +4 ring of evasion
MPRegen 0.25/turn               T - ring of see invisible

@: no status effects
A: sickness immunity, AC +9, negative energy resistance 1, electricity
resistance, torment resistance 1, petrification resistance
a: Renounce Religion


You were on level 14 of the Dungeon.
You worshipped Vehumet.
Vehumet was greatly pleased with you.
You visited 2 branches of the dungeon, and saw 16 of its levels.

You collected 1412 gold pieces.

Inventory:

Hand Weapons
 e - a +1 vampiric mace
 f - a +0 whip
 v - a +1 quarterstaff
 A - the +8 mace of the Sage (weapon) {vorpal, rPois MP+9 Stlth+}
   (You found it on level 6 of the Dungeon)

   It inflicts extra damage upon your enemies.
   rPois:     It protects you from poison.
   MP:        It affects your magic capacity (+9).
   Stlth:     It makes you more stealthy.
 G - the +10 dark maul {vorpal}
   (You took it off a two-headed ogre on level 8 of the Dungeon)

   It inflicts extra damage upon your enemies.
Missiles
 c - 297 stones
 F - a throwing net
Armour
 a - a +1 leather armour
 b - a +0 robe
 h - a +0 scale mail
 i - a +0 pair of gloves (worn)
 m - a +0 leather armour
 B - a +2 cloak of preservation
 C - a +0 ring mail
 D - +0 acid dragon scales (worn)
 J - a scarf of shadows (worn)
 M - a +0 helmet (worn)
 S - a +0 buckler (worn)
Magical Staves
 x - a staff of conjuration
Jewellery
 l - a +6 ring of dexterity
 p - an amulet of the acrobat (around neck)
 q - a +4 ring of evasion (left hand)
 u - a ring of resist corrosion
 I - an amulet of regeneration
 R - a ring of protection from fire
 T - a ring of see invisible (right hand)
Wands
 n - a wand of polymorph (16)
 o - a wand of flame (27)
 y - a wand of iceblast (13)
 E - a wand of digging (10)
Scrolls
 s - a scroll of noise
 t - 2 scrolls of enchant weapon
 w - 2 scrolls of immolation
 K - 4 scrolls of identify
 L - a scroll of enchant armour
 P - 2 scrolls of magic mapping
Potions
 d - 5 potions of haste
 g - 15 potions of curing
 j - 3 potions of brilliance
 k - 3 potions of flight
 r - 2 potions of might
 z - 3 potions of mutation
 H - a potion of berserk rage
 N - a potion of cancellation
 O - a potion of attraction


   Skills:
 * Level 8.5 Fighting
 + Level 3.1(3.5) Maces & Flails
 + Level 2.1(3.0) Staves
 + Level 8.0 Armour
 + Level 3.3 Dodging
 - Level 2.1 Stealth
 + Level 0.2 Shields
 + Level 10.7 Spellcasting
 + Level 13.9 Conjurations
 - Level 0.7 Transmutations
 + Level 1.5 Air Magic
 + Level 13.1 Earth Magic
 + Level 2.6 Poison Magic


You had 21 spell levels left.
You knew the following spells:

 Your Spells              Type           Power      Damage    Failure   Level
a - Sandblast             Erth           100%       2d20      1%          1
b - Stone Arrow           Conj/Erth      100%       3d13      1%          3
c - Mephitic Cloud        Conj/Pois/Air  36%        N/A       1%          3
d - Magic Dart            Conj           100%       1d8       1%          1
e - Searing Ray           Conj           100%       2d8       1%          2
f - Poisonous Vapours     Pois/Air       40%        N/A       2%          2

Your spell library contained the following spells:

 Spells                   Type           Power      Damage    Failure   Level
 Flame Wave               Conj/Fire      40%        2d9       1%          4
 Passwall                 Tmut/Erth      33%        N/A       1%          2
 Dazzling Flash           Conj/Hex       80%        N/A       1%          3
 Ignite Poison            Fire/Tmut/Pois 16%        N/A       6%          3
 Petrify                  Tmut/Erth      40%        N/A       7%          4
 Freezing Cloud           Conj/Ice/Air   16%        6-21      11%         5
 Animate Skeleton         Necr           22%        N/A       12%         1
 Apportation              Tloc           22%        N/A       12%         1
 Summon Small Mammal      Summ           44%        N/A       12%         1
 Gell's Gravitas          Tloc           11%        N/A       34%         3
 Teleport Other           Tloc           11%        N/A       34%         3
 Tukima's Dance           Hex            11%        N/A       34%         3
 Yara's Violent Unravell  Hex/Tmut       6%         3d5       54%         5
 Passage of Golubria      Tloc           11%        N/A       75%         4
 Silence                  Hex/Air        7%         N/A       93%         5
 Agony                    Necr           11%        N/A       97%         5
 Dispersal                Tloc           5%         N/A       100%        6


Dungeon Overview and Level Annotations

Branches:
Dungeon (15/15)            Temple (1/1) D:7            Lair (0/6) D:11
    Orc (0/2) D:12         Vaults (0/5) D:13
 Depths: D:15

Altars:
Dithmenos
Gozag
Hepliaklqana
Kikubaaqudgha
Makhleb
Nemelex Xobeh
Okawaru
Sif Muna
Trog
Vehumet
Xom
Yredelemnul
The Shining One

Shops:
D:10 (

Annotations:
D:6 2 transporters, Acheron's ghost, novice DsWz


Innate Abilities, Weirdness & Mutations

You are immune to sickness and miasma.
Your stone body is resilient. (AC +9)
You are immune to poison.
You resist negative energy. (rN+)
You are resistant to electric shocks. (rElec)
You are resistant to unholy torment.
You are immune to petrification.


Message History

Confirm with . or Enter, or press ? or * to list all spells.
Aiming: Searing Ray (safe; 1% risk of failure)
Press: ? - help, Shift-Dir - straight line, f - boulder beetle
Aim: a boulder beetle (rolling, 100% to hit)
Okay, then.
Casting: Searing Ray (safe; 1% risk of failure)
Confirm with . or Enter, or press ? or * to list all spells.
Aiming: Poisonous Vapours (safe; 2% risk of failure)
Press: ? - help, Dir - move target, f - boulder beetle
Aim: a boulder beetle (rolling) Poisonous vapours surround the boulder beetle!
The boulder beetle is poisoned.
The boulder beetle barely misses you.
The boulder beetle stops rolling and uncurls.
The boulder beetle leaps!
Casting: Poisonous Vapours (safe; 2% risk of failure)
Confirm with . or Enter, or press ? or * to list all spells.
Aiming: Poisonous Vapours (safe; 2% risk of failure)
Press: ? - help, Dir - move target, f/p - boulder beetle
Aim: a boulder beetle (lightly wounded, very poisoned) Poisonous vapours surround the boulder beetle!
The boulder beetle looks even sicker.
Unknown command.
The boulder beetle bites you!
* * * LOW HITPOINT WARNING * * *
There is an open door here.
The boulder beetle curls into a ball and begins rolling!
There is a stone staircase leading up here.
The boulder beetle closely misses you.
The boulder beetle stops rolling and uncurls.
You climb upwards.
There is a stone staircase leading down here.
Casting: Poisonous Vapours (safe; 2% risk of failure)
Confirm with . or Enter, or press ? or * to list all spells.
Aiming: Poisonous Vapours (safe; 2% risk of failure)
Press: ? - help, Dir - move target, f - boulder beetle
Aim: a boulder beetle (heavily wounded, very poisoned) Poisonous vapours surround the boulder beetle!
The boulder beetle looks even sicker.
The boulder beetle bites you!
You die...

.#################
...........#.....#
...........#.....#
...........#.....#
...........#.....#
...........#.....#
...........#.....#
...........###'###
................@#
...............B.#
.................#
.................#
...).......###'###
.[.........#.....#
...........#.....#
...........#.....#
...........#.....#


You could see a boulder beetle (very poisoned).

Vanquished Creatures
  4 hydras
  5 vault guards (D:13)
  An ogre mage (D:13)
  A boulder beetle (D:12)
  A centaur warrior (D:15)
  7 two-headed ogres
  A death knight (D:15)
  A tengu warrior (D:14)
  A fire crab (shapeshifter) (D:13)
  4 skeletal warriors (D:13)
  A deep elf archer (D:13)
  A wizard (D:14)
  An orc knight (D:15)
  A deep elf pyromancer (D:13)
  7 cyclopes
  4 ugly things (D:15)
  2 manticores
  An orc sorcerer (D:13)
  2 gargoyles (D:13)
  2 unseen horrors
  A yaktaur (D:13)
  2 tengu conjurers (D:15)
  An efreet (D:13)
  2 freezing wraiths (D:13)
  A kobold demonologist (D:10)
  A komodo dragon (D:12)
  A troll (shapeshifter) (D:10)
  3 trolls
  Prince Ribbit (D:6)
  A wolf spider simulacrum (D:15)
  3 slime creatures (D:12)
  2 hornets
  A water elemental (D:15)
  Sigmund (D:2)
  A spriggan (shapeshifter) (D:14)
  2 wraiths
  6 yaks (D:10)
  2 wyverns
  A basilisk (D:14)
  7 vampire mosquitoes (D:14)
  Menkaure (D:6)
  A steam dragon (D:10)
  A warg (D:15)
  2 acid dragons
  3 water moccasins
  8 orc warriors
  An ice beast (D:7)
  A sky beast (D:7)
  2 black bears (D:11)
  An ogre (D:5)
  6 centaurs
  A phantom (D:5)
  Blork the orc (D:5)
  4 kobold brigands
  5 scorpions
  3 bullfrogs
  A gnoll sergeant (D:7)
  2 water moccasin zombies
  A wyvern skeleton (D:7)
  4 killer bees
  2 water moccasin skeletons
  6 howler monkeys
  A jelly (D:7)
  A bullfrog zombie (D:6)
  3 centaur zombies
  5 orc priests
  Crazy Yiuf (D:6)
  A hound (D:4)
  A bullfrog skeleton (D:4)
  2 gnoll shamans
  3 iguanas
  Jessica (D:2)
  Terence (D:3)
  18 orc wizards
  Natasha (thrice) (D:2)
  2 killer bee zombies (D:6)
  A howler monkey skeleton (D:6)
  10 gnolls
  5 adders
  A shadow imp (D:5)
  A white imp (D:5)
  A dart slug (D:1)
  30 orcs
  3 endoplasms (D:1)
  2 giant cockroaches
  6 hobgoblins
  5 quokkas
  8 ball pythons
  5 bats
  3 frilled lizards
  10 goblins
  26 kobolds
  3 rats
308 creatures vanquished.

Vanquished Creatures (others)
  9 fungi (D:11)
  28 plants
37 creatures vanquished.

Grand Total: 345 creatures vanquished

Notes
Turn   | Place    | Note
-------+----------+-------------------------------------------
     0 | D:1      | Cykl0x the Gargoyle Earth Elementalist began the quest for
                  | the Orb.
     0 | D:1      | Reached XP level 1. HP: 10/10 MP: 3/3
   114 | D:1      | Reached XP level 2. HP: 15/15 MP: 3/5
   645 | D:2      | Reached XP level 3. HP: 19/19 MP: 3/6
   649 | D:2      | Learned a level 3 spell: Stone Arrow
   679 | D:2      | Noticed Jessica
   682 | D:2      | Killed Jessica
   683 | D:2      | Reached skill level 1 in Conjurations
   964 | D:2      | Noticed Sigmund
   996 | D:2      | Killed Sigmund
   997 | D:2      | Reached skill level 5 in Earth Magic
   997 | D:2      | Reached XP level 4. HP: 15/24 MP: 0/9
   997 | D:2      | Reached XP level 5. HP: 18/28 MP: 0/10
  1206 | D:2      | Noticed Natasha
  1218 | D:2      | Killed Natasha
  1219 | D:2      | Reached XP level 6. HP: 15/32 MP: 0/11
  1336 | D:2      | Noticed Natasha
  1339 | D:2      | Killed Natasha
  1411 | D:2      | Noticed Natasha
  1417 | D:2      | Killed Natasha
  2266 | D:3      | Noticed Terence
  2293 | D:3      | Killed Terence
  3050 | D:4      | Reached XP level 7. HP: 25/36 MP: 1/12
  3970 | D:5      | Entered Level 5 of the Dungeon
  4355 | D:5      | Reached skill level 1 in Armour
  4504 | D:5      | Reached XP level 8. HP: 30/41 MP: 2/15
  4960 | D:5      | Reached skill level 1 in Staves
  5107 | D:5      | Noticed Blork the orc
  5110 | D:5      | Killed Blork the orc
  5472 | D:6      | Reached skill level 5 in Spellcasting
  5622 | D:6      | Reached skill level 1 in Fighting
  5622 | D:6      | Reached skill level 5 in Conjurations
  6198 | D:6      | Found a runed translucent door.
  6200 | D:6      | Identified the +2 mace "Vecoups" {freeze, rC++ Dex+6
                  | Stlth-}
  6201 | D:6      | Identified the +8 mace of the Sage {vorpal, rPois MP+9
                  | Stlth+}
  6201 | D:6      | Noticed Crazy Yiuf
  6206 | D:6      | Identified the +5 mace of Atoaq {spect, rC- rCorr Str+3}
  6214 | D:6      | Identified the +3 mace of the Badger {flame, Str+4 Dex+4}
  6229 | D:6      | Killed Crazy Yiuf
  6397 | D:6      | Noticed Prince Ribbit
  6399 | D:6      | Noticed Menkaure
  6413 | D:6      | Killed Prince Ribbit
  6414 | D:6      | Reached XP level 9. HP: 47/47 MP: 16/17
  6416 | D:6      | Noticed Acheron's ghost (novice DsWz)
  6417 | D:6      | Killed Menkaure
  6522 | D:6      | Found a transporter.
  6527 | D:6      | Found a transporter.
  6896 | D:6      | Found a hazy altar of Hepliaklqana.
  6908 | D:6      | Found a shimmering blue altar of Sif Muna.
  7606 | D:7      | Reached skill level 1 in Maces & Flails
  8121 | D:7      | Found a staircase to the Ecumenical Temple.
  8131 | Temple   | Entered the Ecumenical Temple
  8165 | Temple   | Became a worshipper of Vehumet
  8527 | D:8      | Noticed a hornet
  8530 | D:8      | Killed a hornet
  8690 | D:8      | Learned a level 3 spell: Mephitic Cloud
  8800 | D:8      | Noticed a two-headed ogre
  8806 | D:8      | HP: 1/47 [two-headed ogre/+0 giant club (25)]
  8807 | D:8      | Killed a two-headed ogre
  8808 | D:8      | Reached XP level 10. HP: 2/52 MP: 16/20
  9454 | D:8      | Found a bloodstained altar of Trog.
  9561 | D:8      | Noticed a cyclops
  9576 | D:8      | Killed a cyclops
  9774 | D:8      | Noticed a two-headed ogre
  9774 | D:8      | Noticed a two-headed ogre
  9775 | D:8      | Noticed a cyclops
  9775 | D:8      | Noticed a cyclops
  9792 | D:8      | Killed a two-headed ogre
  9879 | D:8      | Killed a two-headed ogre
  9880 | D:8      | Reached skill level 5 in Armour
  9926 | D:8      | Killed a cyclops
  9949 | D:8      | Killed a cyclops
 10064 | D:8      | Noticed a cyclops
 10068 | D:8      | Killed a cyclops
 10069 | D:8      | Reached skill level 10 in Conjurations
 10069 | D:8      | Reached skill level 10 in Earth Magic
 10251 | D:9      | Noticed a two-headed ogre
 10257 | D:9      | Killed a two-headed ogre
 10258 | D:9      | Reached XP level 11. HP: 60/61 MP: 16/22
 10562 | D:9      | Reached * piety under Vehumet
 10562 | D:9      | Offered knowledge of Magic Dart by Vehumet.
 10565 | D:9      | Learned a level 1 spell: Magic Dart
 10801 | D:9      | Found a shadowy altar of Dithmenos.
 10803 | D:9      | Found a shadowy altar of Dithmenos.
 10803 | D:9      | Found a shimmering altar of Xom.
 10805 | D:9      | Found an opulent altar of Gozag.
 10805 | D:9      | Found an ancient bone altar of Kikubaaqudgha.
 10805 | D:9      | Found a basalt altar of Yredelemnul.
 11126 | D:10     | Entered Level 10 of the Dungeon
 11164 | D:10     | Reached skill level 1 in Poison Magic
 11547 | D:10     | Found Igiffa Magau's Antique Weapon Shop.
 11834 | D:10     | Found a burning altar of Makhleb.
 11915 | D:10     | Found a sparkling altar of Nemelex Xobeh.
 12543 | D:11     | Noticed a cyclops
 12547 | D:11     | Noticed a five-headed hydra
 12761 | D:10     | Reached ** piety under Vehumet
 12762 | D:10     | Reached skill level 5 in Fighting
 12906 | D:11     | Offered knowledge of Searing Ray by Vehumet.
 12912 | D:11     | Killed a five-headed hydra
 13024 | D:11     | Killed a cyclops
 13456 | D:11     | Learned a level 2 spell: Searing Ray
 13657 | D:11     | Found a staircase to the Lair.
 13785 | D:12     | Noticed a two-headed ogre
 13790 | D:12     | Killed a two-headed ogre
 13791 | D:12     | Reached XP level 12. HP: 68/68 MP: 18/24
 14036 | D:12     | Noticed a two-headed ogre
 14039 | D:12     | Killed a two-headed ogre
 14052 | D:12     | Noticed a five-headed hydra
 14057 | D:12     | Killed a five-headed hydra
 14156 | D:12     | Offered knowledge of Poisonous Vapours by Vehumet.
 14221 | D:12     | Noticed a two-headed ogre
 14226 | D:12     | Killed a two-headed ogre
 14414 | D:12     | Found a staircase to the Orcish Mines.
 14769 | D:12     | Noticed a boulder beetle
 14774 | D:12     | Learned a level 2 spell: Poisonous Vapours
 14784 | D:12     | Killed a boulder beetle
 14950 | D:13     | Noticed a vault guard
 14966 | D:13     | Noticed a vault guard
 14967 | D:13     | Killed a vault guard
 14981 | D:13     | Noticed a vault guard
 14982 | D:13     | Noticed an ogre mage
 15021 | D:13     | Killed a vault guard
 15022 | D:13     | Reached skill level 1 in Air Magic
 15023 | D:13     | Killed an ogre mage
 15034 | D:13     | Killed a vault guard
 15037 | D:13     | Noticed a vault guard
 15038 | D:13     | Noticed a vault guard
 15062 | D:13     | Killed a vault guard
 15064 | D:13     | Killed a vault guard
 15070 | D:13     | Reached XP level 13. HP: 36/76 MP: 5/26
 15218 | D:13     | Found a gate to the Vaults.
 15539 | D:13     | Reached *** piety under Vehumet
 15905 | D:13     | Reached skill level 10 in Spellcasting
 15909 | D:13     | HP: 3/78 [six-headed hydra (8)]
 17096 | D:14     | Offered knowledge of Flame Wave by Vehumet.
 18103 | D:14     | Identified a scroll of acquirement
 18103 | D:14     | Acquired 537 gold pieces
 18125 | D:15     | Entered Level 15 of the Dungeon
 18766 | D:15     | Reached **** piety under Vehumet
 19280 | D:14     | Mangled by a boulder beetle

Illustrated notes

Levels and vault maps discovered:
D:1:      dpeg_arrival_erosion, layout_rooms, st_stairs_3,
          minmay_tree_intersection
D:2:      layout_basic, uniq_natasha, uniq_sigmund, uniq_jessica
D:3:      layout_loops_ring, minmay_shallow_snake_nest, uniq_terence
D:4:      layout_rooms, minmay_misc_feat_pillars, kennysheep_generic_room_13
D:5:      layout_loops_ring, uniq_blork_the_orc
D:6:      nicolae_cairo_tiling_large, layout_loops_ring,
          amethyst_overflow_temple_binary, gammafunk_ghost_hive,
          uniq_prince_ribbit1, uniq_menkaure, uniq_crazy_yiuf_cottage
D:7:      layout_basic, minmay_temple_entry_sparse_star
D:8:      layout_cave_pools, lightli_temple_of_fire, serial_column_ruins,
          column_ruins_square_large, column_ruins_square_medium,
          column_ruins_grid_2, column_ruins_grid_1, column_ruins_open_tiny,
          hangedman_abyss_or_decor_jellyfish_corner,
          hellmonk_guarded_unrand_dark_maul
D:9:      layout_big_octagon, doesnt_xom_only_xom, hangedman_decor_peaks_small
D:10:     layout_roguey, mainiacjoe_overflow_cross_hatched,
          mainiacjoe_overflow_alcove_2, serial_shops, shop, minivault_25
D:11:     layout_cave_pools, grunt_lair_entry_orc_guard_hut
D:12:     layout_loops_ring
D:13:     layout_layer_cave, grunt_vaults_entry_fortified,
          minmay_misc_feat_four_crosses, minmay_checkerbox
D:14:     layout_grid_maze
D:15:     grunt_enter_depths_snipers, layout_loops_corners, chequers_big_river
Temple:   eino_temple_scatter_basement

Skill      XL: |  1  2  3  4  5  6  7  8  9 10 11 12 13 |
---------------+----------------------------------------+-----
Earth Magic    | 4 5 6 7 8 9 10 11 12 13 | 13.1
Conjurations   | 2 3 4 5 8 10 11 12 13 | 13.9
Spellcasting   | 3 4 5 7 8 9 10 | 10.7
Dodging        | 2 3 |  3.3
Armour         | 1 3 4 5 6 7 8 |  8.0
Staves         | 2 |  2.1
Fighting       | 1 4 5 7 8 |  8.5
Maces & Flails | 1 2 3 |  3.1
Poison Magic   | 1 2 |  2.6
Air Magic      | 1 |  1.5
Stealth        | |  2.1
Shields        | |  0.2
Transmutations | |  0.7

Action                   |  1- 3 |  4- 6 |  7- 9 | 10-12 | 13-15 || total
-------------------------+-------+-------+-------+-------+-------++-------
Melee: Whip              |     2 |     4 |       |       |       ||     6
       Mace              |       |     7 |    21 |    51 |    17 ||    96
       Quarterstaff      |       |       |    24 |       |       ||    24
       Staff             |       |       |     5 |       |       ||     5
Throw: Stone             |       |     1 |       |       |       ||     1
 Cast: Sandblast         |    26 |    15 |     7 |    25 |     4 ||    77
       Stone Arrow       |     7 |    30 |   137 |   213 |   179 ||   566
       Mephitic Cloud    |       |       |     1 |     8 |     9 ||    18
       Magic Dart        |       |       |       |     6 |     2 ||     8
       Poisonous Vapours |       |       |       |     8 |     3 ||    11
       Searing Ray       |       |       |       |       |     2 ||     2
  Use: Potion            |     1 |       |       |     3 |     3 ||     7
       Scroll            |       |     7 |     7 |    11 |     5 ||    30
 Stab: Confused          |       |       |       |       |     1 ||     1
Armor: Robe              |     4 |     1 |     1 |       |       ||     6
       Skin              |       |     1 |       |       |       ||     1
       Leather armour    |       |       |    24 |       |       ||    24
       Scale mail        |       |       |     7 |   157 |    34 ||   198
       Acid dragon scale |       |       |       |       |    40 ||    40
Dodge: Dodged            |     5 |    10 |    73 |   140 |   133 ||   361
Block: Buckler           |       |       |       |       |     9 ||     9
